 Dungeon Crawl Stone Soup version 0.31-a0-271-gb88eb75e06 (webtiles) character file.

Game seed: 11022053400867331090

116 qw the Shooter (level 5, 0/30 HPs)
             Began as a Gargoyle Hexslinger on July 14, 2023.
             Killed from afar by Pikel (3 damage)
             ... with a puff of flame
             ... on level 4 of the Dungeon.
             The game lasted 00:00:47 (2461 turns).

qw the Shooter (Gargoyle Hexslinger)                Turns: 2461, Time: 00:00:47

Health: 0/30       AC: 10    Str: 12    XL:     5   Next: 1%
Magic:  7/7        EV: 10    Int: 13    God:
Gold:   146        SH:  0    Dex: 14    Spells: 5/6 levels left

rFire   . . .        Y - +1 sling
rCold   . . .        (no shield)
rNeg    + . .        c - +0 ring mail
rPois   inf          (no helmet)
rElec   +            h - +0 cloak
rCorr   .            (no gloves)
SInv    .            (no boots)
Will    .....        (no amulet)
Stlth   +            (no ring)
HPRegen 0.25/turn    (no ring)
MPRegen 0.10/turn

%: no passive effects
@: no status effects
A: sickness immunity, AC +4, negative energy resistance 1, electricity
resistance, torment resistance 1, petrification resistance, high MP 1,
MP-powered wands
a: no special abilities


You were on level 4 of the Dungeon.
You visited 1 branch of the dungeon, and saw 4 of its levels.

You collected 146 gold pieces.


Innate Abilities, Weirdness & Mutations

You are immune to sickness and miasma.
Your stone body is resilient. (AC +4)
You are immune to poison.
You resist negative energy. (rN+)
You are resistant to electric shocks. (rElec)
You are resistant to unholy torment.
You are immune to petrification.
You have an increased reservoir of magic. (+10% MP)
You expend magic power (3 MP) to strengthen your wands.


   Skills:
 - Level 2.0 Fighting
 + Level 4.5 Ranged Weapons
 - Level 1.0 Armour
 - Level 1.5 Dodging
 - Level 1.0 Spellcasting
 - Level 2.6 Hexes


You had 5 spell levels left.
You knew the following spells:

 Your Spells              Type           Power      Damage    Failure   Level
a - Slow                  Hex            28%        N/A       22%         1

Your spell library contained the following spells:

 Spells                   Type           Power      Damage    Failure   Level
 Inner Flame              Hex/Fire       4%         N/A       73%         3
 Portal Projectile        Hex/Tloc       8%         N/A       73%         3
 Cause Fear               Hex            3%         N/A       91%         4

Inventory:

Hand Weapons
 Y - a +1 sling (weapon)
Armour
 c - a +0 ring mail (worn)
 h - a +0 cloak (worn)
Jewellery
 j - a ring of fire
Scrolls
 f - a scroll of teleportation
Potions
 a - a potion of curing {unknown}
 b - a potion of mutation
 d - a potion of attraction {unknown}
 e - a potion of degeneration {unknown}
 g - a potion of brilliance {unknown}
 i - a potion of heal wounds

Dungeon Overview and Level Annotations

Branches:
Dungeon (4/15)
 Temple: D:4-7

Altars:
Dithmenos

Annotations:
D:4 Pikel


Message History

You shoot a sling bullet.
The sling bullet hits the phantom but does no damage.
The phantom is lightly damaged.
The phantom hits you.
The phantom blinks!
You blink.
Pikel and 4 lemures come into view.
Pikel is wielding a +0 whip of freezing and carrying a wand of flame.
Found 7 gold pieces.
The phantom barely misses you.
You shoot a sling bullet. The sling bullet hits the phantom.
The phantom is moderately damaged.
Pikel shouts!
The lemure shouts! x4; You hear a shout!
The phantom hits you but does no damage.
You shoot a sling bullet.
The sling bullet closely misses the phantom.
The phantom barely misses you.
You shoot a sling bullet. The sling bullet hits the phantom.
The phantom is heavily damaged.
The phantom hits you but does no damage.
The lemure hits you but does no damage.
You shoot a sling bullet.
The sling bullet closely misses the phantom.
The lemure closely misses you. The phantom misses you.
The lemure closely misses you. The lemure hits you but does no damage.
The lemure hits you. The phantom hits you.
The phantom blinks!
You blink.
You shoot a sling bullet. The sling bullet hits the phantom.
The phantom is severely damaged.
The phantom hits you but does no damage.
Pikel closely misses you. The lemure hits you.
You shoot a sling bullet.
The sling bullet barely misses the phantom.
The phantom hits you but does no damage.
Pikel misses you. The lemure hits you but does no damage.
You shoot a sling bullet.
The sling bullet barely misses the phantom.
Pikel hits you with a +0 whip of freezing.
Pikel freezes you.
The phantom hits you but does no damage.
The lemure hits you. The lemure misses you. The lemure closely misses you.
The lemure hits you but does no damage.
Pikel zaps a wand.
The puff of flame hits you.
You die...

# ..
.##+########...
...............
...............
.............#
#.5@W...$#
#.K55....#
#..5.....#
#........#
##.###+#... #.#
## #.#
#.#########
#<.¤¤.....#


You could see Pikel, 4 lemures and a phantom.

Vanquished Creatures
  Jessica (D:3)
  3 adders (D:2)
  A shadow imp (D:3)
  2 worms (D:3)
  2 dart slugs
  5 ball pythons
  4 bats
  2 endoplasms
  2 giant cockroaches
  3 goblins (D:2)
  5 hobgoblins
  3 jackals (D:3)
  4 kobolds
  4 quokkas
  2 frilled lizards
  4 rats
47 creatures vanquished.

Notes
Turn   | Place    | Note
-------+----------+-------------------------------------------
     0 | D:1      | qw the Gargoyle Hexslinger began the quest for the Orb.
     0 | D:1      | Reached XP level 1. HP: 12/12 MP: 2/2
     0 | D:1      | 0 ||| qw: Version: 0.3-a-52-g30416fa
     0 | D:1      | 0 ||| qw: Game counter: 7960
     0 | D:1      | 0 ||| qw: Melee chars always use a shield: true
     0 | D:1      | 0 ||| qw: God list: Okawaru
     0 | D:1      | 0 ||| qw: Allow faded altars: false
     0 | D:1      | 0 ||| qw: Do Orc after clearing Dungeon:15 true
     0 | D:1      | 0 ||| qw: Do second Lair branch before Depths: true
     0 | D:1      | 0 ||| qw: Lair rune preference: random
     0 | D:1      | 0 ||| qw: Goals: Normal
     0 | D:1      | 0 ||| PLANNING D:1-11
   334 | D:1      | Reached XP level 2. HP: 16/16 MP: 3/3
   408 | D:1      | 408 ||| FLEEEEING.
   409 | D:1      | 409 ||| FLEEEEING.
   418 | D:1      | 418 ||| FLEEEEING.
   551 | D:1      | Reached skill level 3 in Ranged Weapons
  1020 | D:1      | 1020 ||| UPGRADING to +0 cloak.
  1025 | D:1      | 1025 ||| UPGRADING to +0 leather armour.
  1035 | D:1      | 1035 ||| DROPPING +0 robe.
  1036 | D:1      | 1036 ||| READING scroll labelled NYJOGU SORUKO.
  1041 | D:1      | 1041 ||| READING scroll labelled WUORAKHIEWO.
  1042 | D:1      | 1042 ||| READING scroll labelled REXZUE QUEGAT.
  1043 | D:1      | 1043 ||| DROPPING scroll of poison.
  1180 | D:2      | Reached XP level 3. HP: 21/21 MP: 4/4
  1717 | D:2      | Reached skill level 4 in Ranged Weapons
  1717 | D:2      | Reached XP level 4. HP: 24/26 MP: 5/5
  1798 | D:2      | 1798 ||| UPGRADING to +0 ring mail.
  1808 | D:2      | 1808 ||| DROPPING +0 leather armour.
  2011 | D:3      | Found a shadowy altar of Dithmenos.
  2135 | D:3      | Noticed Jessica
  2146 | D:3      | Reached skill level 1 in Armour
  2156 | D:3      | Killed Jessica
  2361 | D:3      | Reached XP level 5. HP: 30/30 MP: 6/6
  2409 | D:3      | 2409 ||| DRINKING 2 green potions.
  2409 | D:3      | Gained mutation: You have an increased reservoir of magic.
                  | (+10% MP) [potion of mutation]
  2409 | D:3      | Gained mutation: You expend magic power (3 MP) to
                  | strengthen your wands. [potion of mutation]
  2419 | D:3      | 2419 ||| DRINKING 2 silvery potions.
  2437 | D:4      | Noticed a phantom
  2454 | D:4      | Noticed Pikel
  2454 | D:4      | Noticed a lemure
  2454 | D:4      | Noticed a lemure
  2454 | D:4      | Noticed a lemure
  2454 | D:4      | Noticed a lemure
  2461 | D:4      | HP: 6/30 [Pikel/+0 whip of freezing (3)]
  2461 | D:4      | Killed from afar by Pikel

Levels and vault maps discovered:
D:1:      wheals_arrival_linesprint, layout_loops_corners
D:2:      layout_loops_ring
D:3:      layout_basic, grunt_dithmenos_smoke, kennysheep_jessica_study
D:4:      layout_basic, mainiacjoe_overflow_surrounded_room,
          mainiacjoe_overflow_alcove_3, uniq_pikel, uniq_sigmund, uniq_robin

Skill      XL: |  1  2  3  4 |
---------------+-------------+-----
Ranged Weapons | 3 4 |  4.5
Fighting       | 2 |  2.0
Armour         | 1 |  1.0
Dodging        | |  1.5
Spellcasting   | |  1.0
Hexes          | |  2.6

Action                     |  1- 3 |  4- 6 || total
---------------------------+-------+-------++-------
   Fire: Sling             |   105 |    80 ||   185
    Use: Scroll            |     3 |       ||     3
         Potion            |       |     2 ||     2
 Armour: Robe              |     8 |       ||     8
         Leather armour    |    14 |       ||    14
         Ring mail         |       |    20 ||    20
  Dodge: Dodged            |    40 |    27 ||    67

Table legend:
 A = Non-vault XP
 B = Vault XP
 C = Vault XP percentage of total XP
 D = Non-vault monster count
 E = Vault monster count
 F = Vault count percentage of total count
                 A         B        C        D         E       F
            +---------+---------+-------+---------+---------+-------
      Total |     128 |      39 |  23.4 |      45 |       2 |   4.3
            +---------+---------+-------+---------+---------+-------
        D:1 |      24 |       0 |   0.0 |      13 |       0 |   0.0
        D:2 |      72 |       0 |   0.0 |      23 |       0 |   0.0
        D:3 |      32 |      39 |  54.9 |       9 |       2 |  18.2
            +---------+---------+-------+---------+---------+-------
